[Event "Live Chess"]
[Site "Chess.com"]
[Date "2023.05.20"]
[Round "-"]
[White "bristolunichess"]
[Black "Bob2pen"]
[Result "0-1"]
[WhiteElo "1772"]
[BlackElo "1817"]
[TimeControl "300"]
[EndTime "12:55:16 PDT"]
[Termination "Bob2pen won by resignation"]

1. e4 e6 2. d4 d5 3. e5 c5 4.
c3 Nc6 5. Nf3 Qb6 6. Bd3 Bd7 7.
O-O cxd4 8. Re1 dxc3 9. Nxc3 a6 10. a4 Bb4 11. a5 Bxa5 12. Be3 Qd8 13. Qa4 Bxc3 14. bxc3 Nxe5 15. Qa3 Nxf3+ 16. gxf3 Ne7 17. Bc5 b6 18. Bd6 Nc8 19. Bf4 Qe7 20. Qb2 Qf6 21. Be5 Qg5+ 22. Kh1 Qh5 23. Bf1 O-O 24. Bg2 f6 25. Bd4 Rb8 26. Rg1 e5 27. Be3 Bc6 28. Qe2 Nd6 29. Bf1 d4 30. cxd4 Bxf3+ 0-1

[Event "Live Chess"]
[Site "Chess.com"]
[Date "2023.05.20"]
[Round "-"]
[White "LodeshChess"]
[Black "rmethornhill"]
[Result "1-0"]
[WhiteElo "1041"]
[BlackElo "1170"]
[TimeControl "300"]
[EndTime "12:55:29 PDT"]
[Termination "LodeshChess won on time"]

1. e4 c5 2. Nf3 d6 3. d4 cxd4 4.
Qxd4 Nc6 5. Qe3 g6 6. Qc3 Nf6 7. Bb5 Bd7 8. Nbd2 Bg7 9. O-O O-O 10. Rb1 Nxe4 11. Qe3 Nxd2 12. Qxd2 a6 13. Ba4 b5 14. Bb3 Rc8 15. a3 Qb6 16. Qf4 Be6 17. Bxe6 fxe6 18. Qh4 Bf6 19. Bg5 Bxg5 20. Qxg5 Rf5 21. Qh4 Rcf8 22.
Ng5 h5 23. Nxe6 R8f6 24. Nf4 Rxf4 25. Qg3 Rg4 26. Qb3+ Kg7 27. Rbe1 Ne5 28. h3 Rg5 29. a4 Nf3+ 30. Kh1 Nxe1 31. Rxe1 Rf7 32. Qc3+ Kg8 33. Qb3 Qxf2 34. Rg1 Kf8 35. axb5 Qg3 36. Qxg3 Rxg3 37. bxa6 e5 38. Ra1 Ra7 39. b4 1-0

[Event "Live Chess"]
[Site "Chess.com"]
[Date "2023.05.20"]
[Round "-"]
[White "Woodpusher500"]
[Black "Richardallis"]
[Result "0-1"]
[WhiteElo "1324"]
[BlackElo "1780"]
[TimeControl "300"]
[EndTime "12:55:38 PDT"]
[Termination "Richardallis won by resignation"]

1. e4 d5 2. exd5 Nf6 3. d4 Nxd5 4. c4 Nf6 5. Nf3 c6 6. Nc3 Bg4 7. Be2 e6 8. O-O Bd6 9. Be3 Nbd7 10. Qd2 O-O 11. Bf4 Bxf4 12. Qxf4 Re8 13. Rae1 h6 14. Bd3 c5 15. h3 Bxf3 16. Qxf3 cxd4 17. Nb5 Qb6 18.
Re2 a6 19. Na3 e5 20. Rfe1 Qc6 21. Qxc6 bxc6 22. b3 c5 23. f4 exf4 24. Rxe8+ Rxe8 25. Rxe8+ Nxe8 26. Nc2 Nd6 27. Ne1 Ne5 28. Nf3 Nxd3 29. Kf1 f6 30. Ke2 Ne5 31. Nxe5 fxe5 32. Kf3 g5 33. g3 e4+ 34. Ke2 f3+ 35. Kd2 f2 36. Ke2 e3 37. g4 Ne4 38. a3 Ng3+ 39. Kd1 f1=Q+ 0-1

[Event "Live Chess"]
[Site "Chess.com"]
[Date "2023.05.20"]
[Round "-"]
[White "PaulHumphreys"]
[Black "viktorskliarov"]
[Result "0-1"]
[WhiteElo "1363"]
[BlackElo "2653"]
[TimeControl "300"]
[EndTime "12:55:39 PDT"]
[Termination "viktorskliarov won by resignation"]

1. d4 Nf6 2. Nc3 c5 3. dxc5 Na6 4. Bf4 Nxc5 5. e3 d6 6. Nb5 a6 7. Nc7+ Qxc7 8. Nf3 e5 9. Bg5 Be7 10. Bc4 Nce4 11.
Bxf6 Qxc4 12. Bxe7 Kxe7 0-1

[Event "Live Chess"]
[Site "Chess.com"]
[Date "2023.05.20"]
[Round "-"]
[White "JoshMcK"]
[Black "AdamOwls"]
[Result "1-0"]
[WhiteElo "1570"]
[BlackElo "1932"]
[TimeControl "300"]
[EndTime "12:55:39 PDT"]
[Termination "JoshMcK won - game abandoned"]

1. e4 c5 2. c3 d5 3. exd5 Nf6 4. Nf3 Nxd5 5. d4 cxd4 6. Nxd4 e6 7. Bc4 Nc7 8. O-O Be7 9. Bb5+ Bd7 10. Bxd7+ Qxd7 11. Bf4 O-O 12. Qg4 1-0

[Event "Live Chess"]
[Site "Chess.com"]
[Date "2023.05.20"]
[Round "-"]
[White "MarkLim1"]
[Black "CheckThis4"]
[Result "0-1"]
[WhiteElo "1663"]
[BlackElo "2550"]
[TimeControl "300"]
[EndTime "12:55:44 PDT"]
[Termination "CheckThis4 won by resignation"]

1. d4 Nf6 2. Nf3 c5 3. d5 b5 4. c3 Bb7 5. e4 Nxe4 6. Bxb5 Qb6 7. Ba4 Qa6 8. Bc2 Nf6 9. Bd3 Qd6 10. O-O Qxd5 11.
Bf4 e6 12. Na3 Qc6 13. Bb5 Qc8 14. Qe2 Be7 15. Nc4 O-O 16. Bd6 Re8 17. Rad1 a6 18.
Ba4 Qd8 19. Qe3 Bd5 20. Qxc5 Ne4 21. Bxe7 Nxc5 22. Bxd8 Nxa4 23. Nd6 Rxd8 24. b3 Nxc3 25. Rd3 Ne2+ 26. Kh1 Nf4 27. Rd2 Bxf3 28. gxf3 Nc6 29. Rc1 h6 30. a3 g5 31. b4 Kg7 32. Kg1 Rab8 0-1

[Event "Live Chess"]
[Site "Chess.com"]
[Date "2023.05.20"]
[Round "-"]
[White "sup3rm0nk3y"]
[Black "chessfiction"]
[Result "0-1"]
[WhiteElo "1320"]
[BlackElo "2421"]
[TimeControl "300"]
[EndTime "12:55:57 PDT"]
[Termination "chessfiction won by checkmate"]

1. e4 d5 2. exd5 c6 3. dxc6 e5 4.
cxb7 Bxb7 5. Bb5+ Nc6 6. Nf3 Bc5 7. Nxe5 Qd4 8. O-O Ne7 9. Nxc6 Nxc6 10. Re1+ Kf8 11. c3 Qxf2+ 12. Kh1 Nd4 13. Rg1 Nxb5 14.
d4 Bd6 15. Qf1 Qh4 16. h3 Qxh3# 0-1

[Event "Live Chess"]
[Site "Chess.com"]
[Date "2023.05.20"]
[Round "-"]
[White "Fazer180"]
[Black "therealab0ne"]
[Result "1-0"]
[WhiteElo "1749"]
[BlackElo "701"]
[TimeControl "300"]
[EndTime "12:56:04 PDT"]
[Termination "Fazer180 won by resignation"]

1. e4 c5 2. Nf3 Nc6 3. d4 cxd4 4. Nxd4 Nf6 5. Nc3 d6 6. Be3 g6 7. Bb5 Qc7 8. f3 Bg7 9. Nd5 Qd7 10. Nb4 O-O 11.
Nbxc6 bxc6 12. Bxc6 Qd8 13. Bxa8 e5 14. Nb3 Be6 15.
Bd5 Bxd5 16. exd5 Nxd5 17. Qxd5 1-0

[Event "Live Chess"]
[Site "Chess.com"]
[Date "2023.05.20"]
[Round "-"]
[White "boilerboy1"]
[Black "Ferrarifan27"]
[Result "0-1"]
[WhiteElo "1050"]
[BlackElo "2059"]
[TimeControl "300"]
[EndTime "12:56:10 PDT"]
[Termination "Ferrarifan27 won on time"]

1. e4 e5 2. Nf3 Nc6 3. Nc3 Nf6 4.
Be2 Bc5 5. Nxe5 Nxe5 6. d4 Bb4 7. dxe5 Nxe4 8. O-O Bxc3 9. bxc3 Nxc3 10. Qd3 Nxe2+ 11.
Qxe2 O-O 12. c3 d5 13. Bf4 Be6 14. Qe3 Qd7 15. Qd4 Qc6 16. a3 a5 17. Rfe1 a4 18.
Rab1 Ra5 19. Rb4 Rfa8 20. Reb1 b6 21. h3 Rc5 22. Rc1 b5 23. Be3 Rc4 24. Rxc4 dxc4 25.
Qc5 Qd7 26. Bd4 c6 27. Be3 Bd5 28. Bf4 Qf5 29. Bg3 Qe4 30. f3 Qg6 31. Qf2 h5 32. h4 Re8 33. Re1 Qd3 34. Qe3 Qc2 35. Qf2 Qxc3 0-1

[Event "Live Chess"]
[Site "Chess.com"]
[Date "2023.05.20"]
[Round "-"]
[White "LanceMaster23"]
[Black "JackRudd"]
[Result "0-1"]
[WhiteElo "1872"]
[BlackElo "2463"]
[TimeControl "300"]
[EndTime "12:56:13 PDT"]
[Termination "JackRudd won by resignation"]

1. Nf3 Nf6 2. d4 g6 3. Bf4 Bg7 4.
e3 O-O 5. h3 d6 6. Be2 Nbd7 7.
Nbd2 b6 8. c3 Bb7 9. O-O c5 10.
Re1 Ne4 11. Nxe4 Bxe4 12. Nd2 Bb7 13. Qb3 e5 14. dxe5 dxe5 15. Bg3 h5 16. Rad1 h4 17.
Bh2 Qe7 18. Bf3 Bxf3 19. Nxf3 Rad8 20. Rd5 b5 21. Qxb5 Nb6 22. Rxc5 e4 23. Ne5 Rd2 24. Nc6 Qf6 25. Rf1 Bh6 26. Nb4 Rxf2 27. Rxf2 Bxe3 28. Bf4 Qxf4 29. Qe2 Bxc5 0-1

[Event "Live Chess"]
[Site "Chess.com"]
[Date "2023.05.20"]
[Round "-"]
[White "Stanbad1"]
[Black "LiamBellwood"]
[Result "1/2-1/2"]
[WhiteElo "2412"]
[BlackElo "2067"]
[TimeControl "300"]
[EndTime "12:56:20 PDT"]
[Termination "Game drawn - timeout vs insufficient material"]

1. d4 e6 2. Nc3 Bb4 3. Bf4 f5 4. g4 g5 5. Be5 Nf6 6. gxf5 exf5 7.
a3 Bxc3+ 8. bxc3 d6 9. Bxf6 Qxf6 10. Bg2 O-O 11. Nf3 g4 12. Nd2 c6 13. O-O Kh8 14. f3 Qh4 15. fxg4 Qxg4 16. e4 Qg6 17. exf5 Bxf5 18.
Kh1 Nd7 19. Rg1 Bxc2 20. Qe1 Qd3 21. Rc1 Rae8 22. Nf3 Rxe1 23. Nxe1 Qxc3 24. Nxc2 Qd3 25. d5 c5 26. Rgd1 Qe2 27. Re1 Qd3 28. Be4 Qh3 29.
Ne3 Ne5 30. Bg2 Qh5 31. Rf1 Rxf1+ 32. Rxf1 Ng4 33. Nxg4 Qxg4 34. h3 Qd4 35. Rf8+ Kg7 36. Rb8 b6 37. Rb7+ Kg6 38. Rxa7 b5 39. Ra6 Qa1+ 40. Kh2 Qe5+ 41. Kh1 Kf5 42. Ra8 Qa1+ 43. Kh2 b4 44. Rf8+ Ke5 45. axb4 cxb4 46. Re8+ Kd4 47. Re4+ Kc5 48. Re3 b3 49. Rxb3 Qe5+ 50. Rg3 h5 51. h4 Qf4 52. Kh3 Qf5+ 53. Kh2 Qf4 54. Bh3 Qf2+ 55. Rg2 Qf4+ 56. Kh1 Qxh4 57. Rc2+ Kd4 58.
Rh2 Qe1+ 59. Kg2 Qe4+ 60. Kg1 Qe3+ 61. Kf1 Kxd5 62. Rg2 Ke4 63. Bc8 d5 64. Re2 d4 65.
Rxe3+ Kxe3 66. Ba6 d3 67. Ke1 d2+ 68. Kd1 h4 69.
Bc8 h3 70. Bxh3 Kd3 71. Bc8 Ke3 72. Bb7 Kd3 73. Ba6+ Ke3 74. Bb5 Kd4 75. Bc6 Ke3 76. Bd7 Kd4 77. Be8 Ke3 78. Bf7 Kd4 79. Bg6 Ke3 80. Kc2 Kd4 81. Bh5 Ke3 82. Bd1 Kd4 83. Kb3 Ke3 84. Kc3 1/2-1/2

[Event "Live Chess"]
[Site "Chess.com"]
[Date "2023.05.20"]
[Round "-"]
[White "Tushinskiy"]
[Black "hturner40"]
[Result "1-0"]
[WhiteElo "2107"]
[BlackElo "1769"]
[TimeControl "300"]
[EndTime "12:56:35 PDT"]
[Termination "Tushinskiy won on time"]

1. d4 Nf6 2. c3 Nc6 3. Nf3 d6 4.
Bf4 Bg4 5. Nbd2 g6 6. Bg3 Bg7 7. e4 O-O 8. Bd3 e5 9. d5 Nb8 10. h3 Bc8 11. Bh4 Qd7 12. g4 Ne8 13. Qe2 Na6 14. Bg3 Nc5 15. Bc2 a5 16. Nb3 b6 17.
Nxc5 bxc5 18. O-O Ba6 19. c4 Rb8 20. b3 a4 21. bxa4 Rb2 22. Rfb1 Rxb1+ 23. Rxb1 h5 24. gxh5 Qxh3 25. Bd3 gxh5 26. Rb8 Nf6 27. Rxf8+ Bxf8 28. Ng5 Qd7 29. Kg2 Qxa4 30. f4 Ng4 31. fxe5 dxe5 32.
Nf3 Bh6 33. Nxe5 Ne3+ 34. Kh2 Qd1 35. Qxd1 Nxd1 36. Be2 Nb2 37. Bxh5 Nxc4 38. Nxf7 Kg7 39.
Be5+ Nxe5 40. Nxe5 c4 41. Bd1 c3 42. Kg2 Bf4 43.
Nf3 Bd3 44. Nd4 Bxe4+ 45. Bf3 Bxf3+ 46. Kxf3 Bd2 47. Nc2 Kf6 48. Ke4 Ke7 49. Kd4 Kd6 50.
Kc4 1-0

[Event "Live Chess"]
[Site "Chess.com"]
[Date "2023.05.20"]
[Round "-"]
[White "gregor1903"]
[Black "Leonid_Starozhilov"]
[Result "0-1"]
[WhiteElo "1563"]
[BlackElo "2653"]
[TimeControl "300"]
[EndTime "12:56:37 PDT"]
[Termination "Leonid_Starozhilov won by resignation"]

1. e4 c6 2. d4 d5 3. f3 dxe4 4. fxe4 e5 5. Nf3 Bg4 6. Bc4 Nf6 7. O-O Bxf3 8. Qxf3 Qxd4+ 9. Kh1 Qxc4 10. Nc3 Nbd7 11. Bg5 O-O-O 12. Rad1 Bb4 13. a3 Bxc3 14. bxc3 h6 15.
Be3 Qxe4 16. Qxe4 Nxe4 17. Rxf7 Ndf6 18. Bxa7 Rxd1+ 0-1

[Event "Live Chess"]
[Site "Chess.com"]
[Date "2023.05.20"]
[Round "-"]
[White "AttackingSnowLeopard"]
[Black "MartinWalker4"]
[Result "1-0"]
[WhiteElo "2053"]
[BlackElo "2009"]
[TimeControl "300"]
[EndTime "12:56:38 PDT"]
[Termination "AttackingSnowLeopard won by resignation"]

1. d4 Nf6 2. c4 g6 3. Nc3 d5 4. cxd5 Nxd5 5. e4 Nxc3 6. bxc3 Bg7 7. Be3 c5 8. Qd2 O-O 9. Rc1 cxd4 10. cxd4 b6 11.
Nf3 Bb7 12. Bd3 Nc6 13. d5 Ne5 14. Nxe5 Bxe5 15. O-O Rc8 16. Bh6 Bg7 17. Bxg7 Kxg7 18. Qb2+ Kg8 19. Qd4 Qd6 20. Be2 e6 21. Qf6 Qd8 22.
Qxd8 Rfxd8 23. dxe6 fxe6 24. f3 Rd2 25. Bc4 Kf7 26.
Bb3 Ke7 27. Rxc8 Bxc8 28. Rc1 Kd8 29. e5 b5 30. Rc5 a6 31. Rc6 Re2 32. f4 Bb7 33.
Rxe6 Rxg2+ 34. Kf1 Rxh2 35. Rf6 a5 36. Rf8+ Kc7 37.
Rf7+ Kb6 38. e6 a4 39. e7 Bc6 40. Bd5 Bd7 41. Rf8 Rd2 42. Be6 Bc6 43. Rd8 Rc2 44. Rd6 1-0

[Event "Live Chess"]
[Site "Chess.com"]
[Date "2023.05.20"]
[Round "-"]
[White "Brooms1989"]
[Black "fretle"]
[Result "0-1"]
[WhiteElo "1020"]
[BlackElo "1851"]
[TimeControl "300"]
[EndTime "12:56:43 PDT"]
[Termination "fretle won by checkmate"]

1. e4 h5 2. d4 d6 3. Nc3 Nc6 4.
Nf3 Bg4 5. Be2 Nf6 6. O-O Qd7 7. a3 O-O-O 8. d5 Ne5 9. Nxe5 dxe5 10. Bg5 Bxe2 11.
Qxe2 Ng4 12. h3 f6 13. Be3 Nxe3 14. Qxe3 g5 15. Qxa7 Qd6 16. Nb5 Qa6 17. Qc5 c6 18.
dxc6 bxc6 19. Nc3 e6 20. Qe3 g4 21. Rad1 gxh3 22. Rxd8+ Kxd8 23. Rd1+ Kc7 24. g3 h4 25. Qd2 Bc5 26. Qd7+ Kb6 27. b4 Bd4 28.
gxh4 Rg8+ 29. Kh2 Bxc3 30. Rd6 Qc4 31. Rxe6 Bd2 32. Qd6 Bf4+ 33. Kh1 Qf1# 0-1

[Event "Live Chess"]
[Site "Chess.com"]
[Date "2023.05.20"]
[Round "-"]
[White "apl_trainer"]
[Black "Olisingapore"]
[Result "1-0"]
[WhiteElo "1709"]
[BlackElo "1884"]
[TimeControl "300"]
[EndTime "12:56:47 PDT"]
[Termination "apl_trainer won by resignation"]

1. d4 Nf6 2. c4 e6 3. Nc3 Bb4 4.
a3 Bxc3+ 5. bxc3 c5 6. e3 Nc6 7. Bd3 d6 8. Ne2 O-O 9. e4 b6 10. O-O Ba6 11. f4 Na5 12. e5 Ng4 13. Ng3 Qh4 14. h3 Qxg3 15. hxg4 dxe5 16. fxe5 Bxc4 17. Bxc4 Nxc4 18. Bf4 Qxc3 19. Rc1 Qxa3 20. Rxc4 Rad8 21. Bg5 Rxd4 22. Rxd4 cxd4 23. Qxd4 h6 24. Bc1 Qc5 25. Qxc5 bxc5 26. Be3 Rc8 27. Rc1 c4 28. Bxa7 f6 29.
Bd4 Kf7 30. Rf1 c3 31. exf6 gxf6 32. Bxf6 Kg6 33. Bd4 c2 34. Be3 Rc4 35. Rc1 h5 36.
gxh5+ Kxh5 37. Kf2 Kg4 38. Ke2 Kg3 39. Kd3 Rc6 40. Bd4 Kxg2 41. Bc3 e5 42. Rxc2+ Kf3 43. Rc1 e4+ 44. Kd4 Rxc3 45. Rxc3+ e3 46. Rxe3+ Kf2 47. Re8 Kf3 1-0

[Event "Live Chess"]
[Site "Chess.com"]
[Date "2023.05.20"]
[Round "-"]
[White "PiotrD11"]
[Black "LL220284LL"]
[Result "0-1"]
[WhiteElo "1337"]
[BlackElo "2400"]
[TimeControl "300"]
[EndTime "12:56:47 PDT"]
[Termination "LL220284LL won by resignation"]

1. e4 Nf6 2. e5 Nd5 3. d4 d6 4.
Nf3 Nc6 5. exd6 exd6 6. Bb5 Bd7 7.
Bxc6 Bxc6 8. O-O Be7 9. c4 Nf6 10. Re1 O-O 11. d5 Bd7 12. Nc3 Re8 13. Bg5 h6 14. Bh4 Bf5 15. b3 Qd7 16. Rc1 a5 17.
Bxf6 Bxf6 18. Nd4 Bg6 19. Rxe8+ Rxe8 20. Nf3 Qg4 21. h3 Qf4 22. Ne2 Rxe2 23. Qxe2 Qxc1+ 24. Kh2 Qf4+ 25. Kg1 Be4 26. Kf1 Qc1+ 27. Ne1 Bg6 28. Qe8+ Kh7 29. Qe3 Bc3 30. h4 Bxe1 31. Qxe1 Bd3+ 32.
Kg1 Qxe1+ 0-1

[Event "Live Chess"]
[Site "Chess.com"]
[Date "2023.05.20"]
[Round "-"]
[White "Ian-Morley"]
[Black "BillythekidFellowes"]
[Result "0-1"]
[WhiteElo "976"]
[BlackElo "2030"]
[TimeControl "300"]
[EndTime "12:56:53 PDT"]
[Termination "BillythekidFellowes won by resignation"]

1. e4 e5 2. Nf3 Nc6 3. Bc4 Nf6 4. Ng5 d5 5. exd5 Na5 6. Bb5+ c6 7. dxc6 bxc6 8. Qf3 Qb6 9. a4 Bb7 10. Bd3 Be7 11. Ne4 c5 12. Nxf6+ Bxf6 13. Be4 O-O 14. Bxb7 Nxb7 15. d3 e4 16. dxe4 Bxb2 17. Ra2 Bxc1 18. O-O Qxb1 19. Qb3 Qxb3 20. cxb3 Bh6 21. Rb2 Nd6 22.
b4 Rab8 23. b5 Nxe4 24. Rc1 Bxc1 0-1

[Event "Live Chess"]
[Site "Chess.com"]
[Date "2023.05.20"]
[Round "-"]
[White "friarnator"]
[Black "xx_blindpuffin_xx"]
[Result "0-1"]
[WhiteElo "1992"]
[BlackElo "2219"]
[TimeControl "300"]
[EndTime "12:57:09 PDT"]
[Termination "xx_blindpuffin_xx won by resignation"]

1. e4 c6 2. Nc3 d5 3. d4 dxe4 4. Nxe4 Bf5 5. Ng3 Bg6 6. h4 h6 7.
Nf3 Nd7 8. h5 Bh7 9. Bd3 Bxd3 10.
Qxd3 e6 11. Bd2 Ngf6 12. O-O-O Be7 13. Kb1 Qb6 14. Ne4 Nxe4 15. Qxe4 Nf6 16. Qe2 Qb5 17.
c4 Qf5+ 18. Ka1 Qe4 19. Qxe4 Nxe4 20. Be3 f5 21. g3 Bf6 22. Ne5 O-O 23. Nd7 Rfd8 24.
Nxf6+ Nxf6 25. Kb1 Kf7 26. Kc2 Rd7 27. Rd3 Rad8 28. f3 e5 29. Kc3 c5 30. d5 e4 31.
fxe4 Nxe4+ 32. Kc2 Nxg3 33. Rh3 Ne4 34. Rf3 Kf6 35. b3 b6 36. Bc1 Rf7 37. Rde3 Re8 38. Bb2+ Ke7 39. Bxg7 Rxg7 40. Rxf5 Kd7 41. Rf4 Rg2+ 42.
Kb1 Nd2+ 0-1

[Event "Live Chess"]
[Site "Chess.com"]
[Date "2023.05.20"]
[Round "-"]
[White "Chesscoach_Golichenko"]
[Black "Mugzwang"]
[Result "0-1"]
[WhiteElo "2618"]
[BlackElo "1301"]
[TimeControl "300"]
[EndTime "12:57:18 PDT"]
[Termination "Mugzwang won by resignation"]

1. d4 d5 2. Nc3 Nf6 3. Bf4 c5 4. e3 cxd4 5. exd4 e6 6. Nf3 Bd6 7. Qd2 O-O 8. Bd3 Nc6 9. O-O-O Bxf4 10. Qxf4 Nb4 11. g4 Qa5 12. Kb1 Nxd3 13. Rxd3 b5 14. g5 Ne4 15. Nxe4 dxe4 16. Qxe4 Rb8 17. Rhd1 Bb7 18.
Qe5 Bd5 19. Ra3 Qb6 20. h4 b4 21. Re3 a5 22. h5 a4 23. h6 f6 24. gxf6 b3 25.
cxb3 axb3 26. a3 Qc6 27. hxg7 Qc2+ 0-1

[Event "Live Chess"]
[Site "Chess.com"]
[Date "2023.05.20"]
[Round "-"]
[White "OceanFloater"]
[Black "KeithArkell"]
[Result "0-1"]
[WhiteElo "982"]
[BlackElo "2612"]
[TimeControl "300"]
[EndTime "12:57:18 PDT"]
[Termination "KeithArkell won by checkmate"]

1. e4 c6 2. d4 d5 3. e5 c5 4. dxc5 Nc6 5. Nf3 Bg4 6. h3 Bxf3 7.
Qxf3 e6 8. Bf4 Bxc5 9. Nc3 Nge7 10. Nb5 Ng6 11. Nd6+ Bxd6 12. exd6 Nxf4 13. Qxf4 O-O 14. Bb5 Qf6 15. Qxf6 gxf6 16. O-O-O Rfd8 17. c4 a6 18. Ba4 dxc4 19. d7 b5 20. Bc2 Ne5 21. b3 cxb3 22. Bxb3 Rxd7 23. Rxd7 Nxd7 24. Rd1 Nc5 25. Bc2 Rc8 26.
Kb2 f5 27. g4 fxg4 28. hxg4 Kg7 29. Rd6 h6 30. f3 Kf6 31. Bb3 Nxb3 32. axb3 Ra8 33.
Rb6 Ra7 34. b4 Ke5 35. Rc6 Kf4 36. Rc3 a5 37. bxa5 Rxa5 38. Kb3 Ra4 39. Rc7 Kxf3 40.
Rxf7+ Kxg4 41. Rf6 h5 42. Rxe6 Rf4 43. Re5 b4 44. Re3 h4 45. Re1 h3 46. Rg1+ Kh4 47. Rh1 Kg3 48. Rg1+ Kf2 49. Rh1 Kg2 50. Rd1 h2 51. Rd2+ Rf2 52. Rd4 h1=Q 53. Rxb4 Qb1+ 54. Kc3 Rf3+ 55. Kc4 Rf4+ 56. Kc3 Qxb4+ 57. Kd3 Rd4+ 58.
Ke3 Qc3+ 59. Ke2 Rd2+ 60. Ke1 Qc1# 0-1

[Event "Live Chess"]
[Site "Chess.com"]
[Date "2023.05.20"]
[Round "-"]
[White "gmnorfolk"]
[Black "LaupMiths"]
[Result "1-0"]
[WhiteElo "2046"]
[BlackElo "1804"]
[TimeControl "300"]
[EndTime "12:57:34 PDT"]
[Termination "gmnorfolk won by resignation"]

1. d4 d5 2. c4 e6 3. Nf3 c5 4.
cxd5 exd5 5. Bg5 Nf6 6. Nbd2 Nc6 7. g3 h6 8. Bxf6 Qxf6 9. Bg2 cxd4 10. O-O Bd6 11. Nb3 O-O 12. Nbxd4 Re8 13. Rc1 Bd7 14. a3 Rad8 15. b4 Nxd4 16. Nxd4 Be5 17. e3 Bxd4 18.
Qxd4 Qxd4 19. exd4 Bc6 20. Rc5 Re2 21. b5 Be8 22.
Rfc1 Rd2 23. Rc8 Rxc8 24. Rxc8 Kf8 25. Bxd5 Rxd4 26. Bxb7 Ke7 27. Bc6 Bxc6 28. Rxc6 Rd6 29. Rc7+ Rd7 30. Rc3 Rb7 31. a4 Kd6 32. Rc6+ Kd5 33.
Ra6 Kc5 34. Kg2 Re7 35. h4 g6 36. Kf3 h5 37. Kf4 Re2 38. f3 Re7 39. g4 Rd7 40. gxh5 gxh5 41. Kg5 Rd5+ 42. Kf6 Rd3 43. f4 Rd7 44. f5 Kd4 45. Kg5 Ke4 46. f6 Rd5+ 47. Kh6 Kf4 48. Rxa7 Kg4 49. b6 Rd6 50. b7 Rxf6+ 51.
Kg7 Rb6 52. a5 Rb5 53. Kxf7 Kxh4 54. a6 Kg3 55. Ra8 Rg5 56. Rg8 1-0

[Event "Live Chess"]
[Site "Chess.com"]
[Date "2023.05.20"]
[Round "-"]
[White "ProfPoisson"]
[Black "whitedjohn"]
[Result "0-1"]
[WhiteElo "1058"]
[BlackElo "1661"]
[TimeControl "300"]
[EndTime "12:57:36 PDT"]
[Termination "whitedjohn won by resignation"]

1. e4 Nf6 2. e5 Nd5 3. Nf3 d6 4. Bc4 dxe5 5. Nxe5 Bf5 6. Qf3 e6 7. O-O Bd6 8. d4 Bxe5 9. dxe5 O-O 10. Na3 Nb6 11. Qxb7 N8d7 12. Qf3 Nxc4 13. Nxc4 Bxc2 14. Be3 Bg6 15. Rad1 Qe7 16. Qc6 Nb6 17. Bc5 Qh4 18. Bxf8 Qxc4 19. Qxc4 Nxc4 20. Ba3 Nxe5 21. f4 Nc4 22.
Rd7 Nxa3 23. bxa3 Rc8 24. Rfd1 Kf8 25. Rd8+ Rxd8 26. Rxd8+ Ke7 27. Ra8 Bb1 28. Rxa7 Kd6 29. g3 Bxa2 30. Kf2 f5 31. Ke3 Bc4 32. Kd4 Bd5 33.
a4 h6 34. a5 g5 35. fxg5 hxg5 36. h4 f4 37. gxf4 gxh4 38. Ke3 h3 39. Rxc7 Kxc7 40.
Kf2 h2 0-1

[Event "Live Chess"]
[Site "Chess.com"]
[Date "2023.05.20"]
[Round "-"]
[White "f4nomore"]
[Black "rideuv21"]
[Result "1/2-1/2"]
[WhiteElo "1364"]
[BlackElo "1815"]
[TimeControl "300"]
[EndTime "12:57:41 PDT"]
[Termination "Game drawn by repetition"]

1. b3 c5 2. Bb2 Nc6 3. Nc3 Nf6 4. e3 g6 5. f4 Bg7 6. Nf3 O-O 7. Be2 d5 8. O-O d4 9. exd4 Nxd4 10. Nxd4 Qxd4+ 11. Kh1 Ne4 12. Rb1 Nf2+ 13. Rxf2 Qxf2 14. Ne4 Qxf4 15.
Bf3 Bxb2 16. Rxb2 Bf5 17. Nxc5 Rad8 18. d3 b6 19. Ne4 Bxe4 20. Bxe4 Qxe4 21. Rb1 Qe3 22.
Qg4 e5 23. Qc4 e4 24. dxe4 Rd2 25. Rg1 Rfd8 26. Rf1 Rd1 27. Qxf7+ Kh8 28. Qf6+ Kg8 29. Qf7+ Kh8 30. Qf6+ Kg8 31. Qf7+ 1/2-1/2

[Event "Live Chess"]
[Site "Chess.com"]
[Date "2023.05.20"]
[Round "-"]
[White "zdanevych"]
[Black "Andysav3"]
[Result "0-1"]
[WhiteElo "1527"]
[BlackElo "1700"]
[TimeControl "300"]
[EndTime "12:57:43 PDT"]
[Termination "Andysav3 won by resignation"]

1. d4 Nf6 2. c4 e5 3. dxe5 Ng4 4.
Nf3 Bc5 5. e3 Nc6 6. h3 Ngxe5 7.
Nxe5 Nxe5 8. Be2 d6 9. O-O O-O 10. b3 c6 11. Bb2 Qe7 12. Nd2 Bf5 13. Nf3 Nxf3+ 14. Bxf3 Rad8 15. Qc2 Bxc2 0-1

[Event "Live Chess"]
[Site "Chess.com"]
[Date "2023.05.20"]
[Round "-"]
[White "bristolunichess"]
[Black "toog"]
[Result "0-1"]
[WhiteElo "1772"]
[BlackElo "2613"]
[TimeControl "300"]
[EndTime "12:57:52 PDT"]
[Termination "toog won by resignation"]

1. e4 e5 2. Nf3 Nc6 3. d4 exd4 4. Nxd4 Nf6 5. Nxc6 bxc6 6. e5 Qe7 7. Qe2 Nd5 8. h4 f6 9. c4 Nb6 10. exf6 Qxe2+ 11. Bxe2 gxf6 12. Bh5+ Kd8 13. b3 Bd6 14. O-O Be5 15. Bh6 Bxa1 16. Bg7 Rg8 17. Re1 d6 18. Nd2 Bc3 19. Re3 Rxg7 20. Rxc3 Bf5 0-1

[Event "Live Chess"]
[Site "Chess.com"]
[Date "2023.05.20"]
[Round "-"]
[White "DmitryVasliev"]
[Black "omisoc"]
[Result "1-0"]
[WhiteElo "1676"]
[BlackElo "2143"]
[TimeControl "300"]
[EndTime "12:57:54 PDT"]
[Termination "DmitryVasliev won on time"]

1. d4 g6 2. Bf4 d6 3. h3 Bg7 4.
Bh2 b6 5. e3 Ba6 6. Bxa6 Nxa6 7.
c3 Qd7 8. Nd2 Nf6 9. Qe2 Qc8 10.
b4 O-O 11. b5 Nb8 12. c4 a6 13. Qf3 Ra7 14. Nb3 c6 15. bxc6 Nxc6 16. a3 d5 17.
cxd5 Nb4 18. axb4 Qc3+ 19. Ke2 Qxb3 20. Rd1 Rc8 21. e4 Rc3 22. Qf4 Rac7 23. Nf3 Qc4+ 24. Ke1 Qxb4 25. Kf1 Qb3 26. Re1 Rc2 27. g4 h6 28. Kg2 g5 29. Nxg5 hxg5 30. Qxg5 Qd3 31. Bxc7 Rxc7 32. Qf4 Rc2 33. d6 1-0

[Event "Live Chess"]
[Site "Chess.com"]
[Date "2023.05.20"]
[Round "-"]
[White "ACx04"]
[Black "birdseed45"]
[Result "0-1"]
[WhiteElo "429"]
[BlackElo "1878"]
[TimeControl "300"]
[EndTime "12:57:58 PDT"]
[Termination "birdseed45 won by checkmate"]

1. e4 c5 2. d4 cxd4 3. Qxd4 Nc6 4.
Qd5 Nf6 5. Qd3 e5 6. g3 d6 7. f4 exf4 8. gxf4 Bg4 9. Be3 Be7 10. Be2 Bxe2 11. Nxe2 Qa5+ 12. Nbc3 Nb4 13. Qd2 O-O 14. a3 Rac8 15. Qc1 Nc6 16. b4 Qh5 17. Nb5 Nxe4 18. Qd1 Bh4+ 19. Kf1 Qf3+ 20. Kg1 Qxe3+ 21. Kg2 Bf6 22. Rc1 Qf2+ 23. Kh3 Qf3+ 24. Ng3 Nf2# 0-1

[Event "Live Chess"]
[Site "Chess.com"]
[Date "2023.05.20"]
[Round "-"]
[White "BostonStrangler"]
[Black "Duke_of_Bebington"]
[Result "1-0"]
[WhiteElo "2085"]
[BlackElo "1607"]
[TimeControl "300"]
[EndTime "12:57:59 PDT"]
[Termination "BostonStrangler won by resignation"]

1. Nf3 d5 2. g3 c5 3. Bg2 Nc6 4. O-O Bf5 5. c4 e6 6. cxd5 exd5 7. d4 Nf6 8. Nc3 Ne4 9. dxc5 Nxc3 10. bxc3 Bxc5 11.
Nd4 Bg6 12. Nxc6 bxc6 13. c4 O-O 14. cxd5 cxd5 15. Qxd5 Rc8 16. Qxd8 Rfxd8 17. Bf4 h6 18. Rac1 Ba3 19. Rxc8 Rxc8 20. Be3 Rc2 21. Bf3 Rxa2 22. Bxa7 Bb4 23. Bd4 f6 24. Bd5+ Kh7 25. Bxa2 1-0

[Event "Live Chess"]
[Site "Chess.com"]
[Date "2023.05.20"]
[Round "-"]
[White "NatashaRegan"]
[Black "Long1968"]
[Result "1-0"]
[WhiteElo "1813"]
[BlackElo "771"]
[TimeControl "300"]
[EndTime "12:58:02 PDT"]
[Termination "NatashaRegan won by checkmate"]

1. e4 e6 2. d4 d5 3. exd5 exd5 4. Be2 Nf6 5. Nf3 Bg4 6. O-O Be7 7. Bf4 c6 8. c4 dxc4 9. Bxc4 Bxf3 10. Qxf3 Qxd4 11. Nd2 O-O 12. Rad1 Nd5 13. Qg3 Qxf4 14. Bxd5 Qxg3 15.
Bxf7+ Rxf7 16. hxg3 Nd7 17. Ne4 Nf6 18. Ng5 Rff8 19.
Rfe1 Bc5 20. Ne6 Ng4 21. Nxc5 Rxf2 22. Nd3 Rc2 23. Re7 Rf8 24. Rxb7 Nf2 25. Nxf2 Rfxf2 26. Rd8+ Rf8 27. Rdd7 g6 28. Rg7+ Kh8 29. Rxh7+ Kg8 30.
Rbg7# 1-0